[Event "Portugal-ch Seniors-65 2022"]
[Site "Atouguia da Baleia"]
[Date "2022.06.19"]
[Round "5.4"]
[White "Alves, Fernando Pereira Rib"]
[Black "Catarro, Jose Joao Dias"]
[Result "1-0"]
[ECO "B01"]
[WhiteElo "1524"]
[BlackElo "1833"]
[Annotator "NA RC"]
[PlyCount "91"]
[EventDate "2022.06.09"]
[EventType "swiss"]
[EventCountry "POR"]
[SourceTitle "playchess.com"]
[Source "ChessBase"]
[SourceQuality "1"]
[TimeControl "5400+30"]

1. e4 d5 2. e5 Bf5 3. d4 e6 4. a3 c5 5. c3 Nc6 6. Nf3 Qb6 7. Be2 h6 8. Bd3 Bxd3 9. Qxd3 Rc8 10. O-O c4 11. Qe2 Na5 12. Be3 Ne7 13. Qc2 Nb3 14. Ra2 a5 15. Nfd2 a4 16. f4 Nf5 17. Bf2 h5 18. Nf3 Be7 19. Qd1 Qd8 20. Nbd2 b5 21. Nxb3 cxb3 22. Ra1 Kd7 23. Qe2 Kc6 24. Rac1 Kb6 25. Rfd1 h4 26. Nd2 g5 27. c4 gxf4 28. c5+ Kc6 29. Nxb3 axb3 30. a4 bxa4 31. Qa6+ Kd7 32. Qxa4+ Rc6 33. Ra1 Qb8 34. Rd3 f6 35. Rxb3 Qc7 36. Rb6 Rc8 37. Qb5 Ke8 38. Rb7 Qd8 39. Ra6 Kf8 40. Rxc6 fxe5 41. Rxc8 Qxc8 42. Rb8 Qxb8 43. Qxb8+ Kf7 44. Qxe5 Bf6 45. Qxf4 Kg6 46. c6 1-0

[Event "Portugal-ch Seniors-65 2022"]
[Site "Atouguia da Baleia"]
[Date "2022.06.19"]
[Round "5.5"]
[White "Seia, Joao Manuel"]
[Black "Santos, Amadeu Solha"]
[Result "1-0"]
[ECO "C62"]
[WhiteElo "1657"]
[BlackElo "1457"]
[Annotator "NA RC"]
[PlyCount "47"]
[EventDate "2022.06.09"]
[EventType "swiss"]
[EventCountry "POR"]
[SourceTitle "playchess.com"]
[Source "ChessBase"]
[SourceQuality "1"]
[TimeControl "5400+30"]

1. e4 e5 2. Nf3 Nc6 3. Bb5 d6 4. d4 exd4 5. Nxd4 Bd7 6. Nc3 Nf6 7. Bxc6 Bxc6 8. Nxc6 bxc6 9. b3 d5 10. exd5 Bb4 11. Qe2+ Qe7 12. Qxe7+ Kxe7 13. Bd2 Nxd5 14. Nxd5+ cxd5 15. Bxb4+ Kd7 16. O-O-O c6 17. Rhe1 Rhe8 18. Rxe8 Rxe8 19. Re1 Rb8 20. Re7+ Kd8 21. Ba3 a6 22. Rxf7 Rb5 23. Rxg7 Ra5 24. Kb2 1-0